 Dungeon Crawl Stone Soup version 0.21-a0-531-gacddea6 (webtiles) character file.

56 robertstho the Skirmisher (level 3, -1/24 HPs)
             Began as a Gargoyle Fighter on Dec 13, 2017.
             Slain by a gnoll
             ... wielding a +1 flail of protection
              (10 damage)
             ... on level 2 of the Dungeon.
             The game lasted 00:02:00 (1090 turns).

robertstho the Skirmisher (Gargoyle Fighter)        Turns: 1090, Time: 00:02:00

Health: -1/24      AC: 10    Str: 19    XL:     3   Next: 97%
Magic:  3/3        EV:  7    Int:  8    God:
Gold:   38         SH:  9    Dex: 10    Spells: 2/2 levels left

rFire    . . .     SeeInvis .   a - +0 flail
rCold    . . .     Gourm    .   c - +0 shield
rNeg     + . .     Faith    .   b - +0 scale mail
rPois    ∞         Spirit   .   (no helmet)
rElec    +         Reflect  .   (no cloak)
rCorr    .         Harm     .   (no gloves)
MR       .....                  (no boots)
Stlth    ..........             (no amulet)
HPRegen  0.08/turn              (no ring)
MPRegen  0.08/turn              (no ring)

@: no status effects
A: negative energy resistance 1, electricity resistance, unbreathing,
petrification resistance, rot immunity, AC +3
a: no special abilities


You were on level 2 of the Dungeon.
You were not hungry.

You visited 1 branch of the dungeon, and saw 2 of its levels.

You collected 38 gold pieces.

Inventory:

Hand Weapons
 a - a +0 flail (weapon)
 n - a +0 hunting sling
Missiles
 i - 26 poisoned needles
Armour
 b - a +0 scale mail (worn)
 c - a +0 shield (worn)
Scrolls
 e - a scroll of teleportation {unknown}
 g - 2 scrolls of fog {unknown}
 h - a scroll of amnesia {unknown}
 l - 2 scrolls of identify {unknown}
Potions
 d - a potion of might
 j - 2 potions of mutation {unknown}
 k - a potion of brilliance {unknown}
 o - a potion of lignification {unknown}
Comestibles
 f - a bread ration


   Skills:
 * Level 4.0 Fighting
 + Level 2.4 Maces & Flails
 * Level 3.9 Armour
 + Level 0.1 Dodging
 + Level 3.7 Shields


You had 2 spell levels left.
You didn't know any spells.

Dungeon Overview and Level Annotations

Branches:
Dungeon (2/15)

Altars:


Innate Abilities, Weirdness & Mutations

You are resistant to torment.
Your stone body is resilient. (AC +3)
You are immune to poison.
You resist negative energy. (rN+)
You are resistant to electric shocks. (rElec)
You can survive without breathing.
You are immune to petrification.
You are immune to rotting.


Message History

The gnoll hits you with a whip.
You sock the gnoll!
You kill the gnoll!
The giant cockroach bites you but does no damage.
Your shield prevents you from hitting the giant cockroach.
You block the giant cockroach's attack.
The giant cockroach bites you but does no damage.
You sock the giant cockroach!
You kill the giant cockroach!
The gnoll hits you with a flail of protection.
You hit the gnoll.
The gnoll is heavily wounded.
The gnoll hits you with a flail of protection.
You closely miss the gnoll.
The gnoll is heavily wounded.
You block the gnoll's attack.
You hit the gnoll.
The gnoll is severely wounded.
The gnoll hits you with a flail of protection!
You die...

#.. #.. # ...
.#. #.# ....
#.# .....
#.#####
......##.....#
...[.wg@.†...#
......##.....#
# .....
#.....#.# ....
#.....#.# ...
#.......# ..
#.....### .
####'#####
#.....#
#.....#


You could see a worm and a gnoll.

Vanquished Creatures
  2 gnolls (D:2)
  2 dart slugs (D:1)
  A leopard gecko (D:1)
  2 ball pythons (D:1)
  2 giant cockroaches
  2 goblins (D:1)
  3 hobgoblins (D:1)
  7 kobolds
  A quokka (D:2)
  4 bats
  2 frilled lizards (D:1)
  3 rats
31 creatures vanquished.

Notes
Turn   | Place    | Note
-------+----------+-------------------------------------------
     0 | D:1      | robertstho the Gargoyle Fighter began the quest for the Orb.
     0 | D:1      | Reached XP level 1. HP: 14/14 MP: 1/1
     3 | D:1      | Noticed an electric eel
     3 | D:1      | Noticed an electric eel
    70 | D:1      | Reached XP level 2. HP: 10/19 MP: 2/2
   776 | D:1      | Reached XP level 3. HP: 24/24 MP: 3/3
  1076 | D:2      | Reached skill level 4 in Fighting
  1090 | D:2      | Slain by a gnoll

Vault maps used:
D:1:      arrival_aquarium_b
D:2:      first_bread

Skill      XL: |  1  2  3 |
---------------+----------+-----
Fighting       | 4 |  4.0
Maces & Flails | |  2.4
Armour         | |  3.9
Dodging        | |  0.1
Shields        | |  3.7

Action                   || total
-------------------------++-------
Melee: Flail             ||   107
  Eat: Chunk             ||     1
Armor: Scale mail        ||    52
Dodge: Dodged            ||    28
Block: Shield            ||    51

Table legend:
 A = Spawn XP
 B = Non-spawn XP
 C = Spawn XP percentage of total XP
 D = Spawn monster count
 E = Non-spawn monster count
 F = Spawn count percentage of total count
 G = Total turns spent on level
                    A         B        C        D         E        F      G
               +---------+---------+-------+---------+---------+-------+---------
         Total |       0 |      81 |   0.0 |       0 |      31 |   0.0 |  1090
               +---------+---------+-------+---------+---------+-------+---------
           D:1 |       0 |      40 |   0.0 |       0 |      22 |   0.0 |   987
           D:2 |       0 |      41 |   0.0 |       0 |       9 |   0.0 |   103
               +---------+---------+-------+---------+---------+-------+---------
